 Dungeon Crawl Stone Soup version 0.31-a0-1-g4198be8af4 (webtiles) character file.

Game seed: 5013454944151139916

9 Ahpoh the Trooper (level 2, 0/10 (16) HPs)
             Began as a Vine Stalker Fighter on May 1, 2023.
             Slain by a goblin
             ... wielding a +0 club
              (2 damage)
             ... on level 1 of the Dungeon.
             The game lasted 00:00:31 (77 turns).

Ahpoh the Trooper (Vine Stalker Fighter)              Turns: 77, Time: 00:00:32

HP:   0/10 (16)     AC:  6    Str: 18    XL:     2   Next: 12%
MP:   0/3           EV:  9    Int:  8    God:
Gold: 7             SH:  4    Dex: 13    Spells: 1/1 levels left

rFire   . . .        a - +0 long sword
rCold   . . .        c - +0 buckler
rNeg    . . .        b - +0 scale mail
rPois   .            (no helmet)
rElec   .            (no cloak)
rCorr   .            (no gloves)
SInv    .            (no boots)
Will    .....        (no amulet) Stlth
                     (no ring)
HPRegen 0.21/turn    (no ring)
MPRegen 0.08/turn

%: guardian spirit
@: very heavily drained
A: fangs 2, magic shield, antimagic bite, no potion heal 2
a: no special abilities


You were on level 1 of the Dungeon.
You visited 1 branch of the dungeon, and saw 1 of its levels.

You collected 7 gold pieces.

Inventory:

Hand Weapons
 a - a +0 long sword (weapon)
Armour
 b - a +0 scale mail (worn)
 c - a +0 buckler (worn)
Potions
 d - a potion of might


   Skills:
 + Level 2.9 Fighting
 + Level 1.8 Long Blades
 + Level 2.5 Armour
 + Level 2.8 Shields


You had one spell level left.
You didn't know any spells.
Your spell library was empty.

Dungeon Overview and Level Annotations

Branches:
Dungeon (1/15)

Altars:


Innate Abilities, Weirdness & Mutations

You have extremely sharp teeth.
When hurt, damage is shared between your health and your magic reserves.
Your bite disrupts and absorbs the magic of your enemies.
Potions cannot restore your health.


Message History

You barely miss the kobold. You bite the kobold. You drain its power.
The kobold is severely wounded.
The kobold hits you but does no damage.
You feel drained.
You closely miss the kobold. You bite the kobold, but do no damage.
The kobold is severely wounded.
The kobold hits you but does no damage.
You feel drained.
You closely miss the kobold.
The kobold is heavily wounded.
The kobold hits you but does no damage.
You feel drained.
You barely miss the kobold. Your bite misses the kobold.
The kobold is heavily wounded.
An endoplasm comes into view.
The kobold barely misses you.
The kobold hits you with a +1 dagger of draining.
You feel drained. The goblin misses you.
The endoplasm moves out of view.
You hit the kobold but do no damage.
The kobold is moderately wounded.
The kobold hits you but does no damage.
You feel drained. The goblin hits you with a +0 club.
The endoplasm freezes you.
You are frozen.
The goblin closely misses you.
You hit the endoplasm but do no damage. The kobold hits you but does no damage.
You feel drained. The goblin closely misses you. You block the goblin's attack.
The endoplasm hits you but does no damage.
You hit the endoplasm but do no damage. You bite the endoplasm.
You drain its power.
You feel invigorated.
The endoplasm is heavily wounded.
The goblin hits you with a +0 club.
* * * LOW HITPOINT WARNING * * *
The kobold closely misses you. The goblin hits you but does no damage.
The endoplasm hits you but does no damage.
You block the goblin's attack. You block the kobold's attack.
You block the goblin's attack. The endoplasm freezes you.
You are frozen.
* * * LOW HITPOINT WARNING * * *
You hit the endoplasm.
You kill the endoplasm!
The goblin hits you but does no damage. The goblin hits you with a +0 club.
You die...

#...........
#.........###########..
##.............#........
.#.............#........
.#.†..†........#........
........................
.....##.................
#....####...........?...
#....# #.....†.@g[.....
#....# #.....).gK......
#....# ####............
.....# ....#+#........
.....# ...... .........
.....# .................
.....# .................
.....................###
........


You could see 2 goblins and a kobold.

Vanquished Creatures
  2 bats (D:1)
  An endoplasm (D:1)
  A giant cockroach (D:1)
  2 hobgoblins (D:1)
  A quokka (D:1)
  A ball python (D:1)
8 creatures vanquished.

Notes
Turn   | Place    | Note
-------+----------+-------------------------------------------
     0 | D:1      | Ahpoh the Vine Stalker Fighter began the quest for the Orb.
     0 | D:1      | Reached XP level 1. HP: 11/11 MP: 2/2
    63 | D:1      | Reached XP level 2. HP: 15/16 MP: 3/3
    77 | D:1      | Slain by a goblin

Illustrated notes

Levels and vault maps discovered:
D:1:      dpeg_arrival_tiny_h, layout_basic, ebering_ecumenical_altar_abandoned,
          serial_bayou_pond_b

Action                     || total
---------------------------++-------
  Melee: Long sword        ||    22
         Bite              ||     4
 Armour: Scale mail        ||    17
  Dodge: Dodged            ||    17
  Block: Buckler           ||    11

Table legend: (Time is in decaauts)
 A = Elapsed time spent in this place.
 B = Non-inter-level travel time spent in this place.
 C = Inter-level travel time spent in this place.
 D = Time resting spent in this place.
 E = Time spent auto-exploring this place.
 F = Levels seen in this place.
 G = Mean time per level.
                   A        B        C        D        E       F      G
               +--------+--------+--------+--------+--------+-----+--------+
         Total |     84 |     84 |      0 |      0 |     33 |   1 |   84.0 |
       Dungeon |     84 |     84 |      0 |      0 |     33 |   1 |   84.0 |
               +--------+--------+--------+--------+--------+-----+--------+

Top non-repeatable levels by time:
     D:1: 84 daAuts
